 Dungeon Crawl Stone Soup version 0.31-a0-1036-g31867e143a (webtiles) character file.

Game seed: 13142006659386800408

27 Azuregosa the Sneak (level 3, -4/26 HPs)
             Began as an Octopode Delver on Nov 19, 2023.
             Was an Initiate of Sif Muna.
             Splashed by a jelly's acid (8 damage)
             ... on level 5 of the Dungeon.
             The game lasted 00:01:11 (99 turns).

Azuregosa the Sneak (Octopode Delver)                 Turns: 99, Time: 00:01:11

Health: -4/26      AC: -7    Str: 11    XL:     3   Next: 10%
Magic:  3/3        EV: 13    Int: 14    God:    Sif Muna [......]
Gold:   56         SH:  0    Dex: 13    Spells: 2/2 levels left

rFire   . . .        a - +0 spear
rCold   . . .        (no shield)
rNeg    . . .        (helmet restricted)
rPois   .            (no amulet)
rElec   .            (no ring)
rCorr   .            (no ring)
SInv    .            (no ring)
Will    .....        (no ring)
Stlth   +++++        (no ring)
HPRegen 0.24/turn    (no ring)
MPRegen 0.08/turn    (no ring)
                     (no ring)

%: no passive effects
@: corroded
A: almost no armour, amphibious, 8 rings, camouflage 1, gelatinous body 1,
(nimble swimmer 1), tentacles
a: Renounce Religion


You were on level 5 of the Dungeon.
You worshipped Sif Muna.
Sif Muna was noncommittal.
You visited 1 branch of the dungeon, and saw 1 of its levels.

You collected 56 gold pieces.

Inventory:

Hand Weapons
 a - a +0 spear (weapon)
Wands
 f - a wand of digging (2)
Scrolls
 b - a scroll of fog
 c - a scroll of identify {unknown}
 d - a scroll of fear
Potions
 e - a potion of haste


   Skills:
 - Level 3.0 Fighting
 - Level 2.0 Polearms
 - Level 2.0 Dodging
 + Level 7.9 Stealth


You had 2 spell levels left.
You didn't know any spells.
Your spell library was empty.

Dungeon Overview and Level Annotations

Branches:
Dungeon (5/15)
 Temple: D:4-7

Altars:
Ashenzari
Elyvilon
Nemelex Xobeh
Qazlal
Sif Muna
The Shining One


Innate Abilities, Weirdness & Mutations

You cannot wear most types of armour.
You are amphibious.
You can wear up to eight rings at the same time.
Your skin changes colour to match your surroundings (Stealth+).
Your rubbery body absorbs attacks. (AC +1, EV +1)
((You are camouflaged when in or above water. (Stealth+)))
You have tentacles for arms and can constrict up to eight enemies at once.


Message History

Increase (S)trength, (I)ntelligence, or (D)exterity?
You feel clever. x2
You now have 22 gold pieces (gained 9).
You see here a hound corpse.
Found 19 gold pieces.
You now have 41 gold pieces (gained 19).
You open the large door.
A scorpion comes into view.
Found 15 gold pieces.
Found three altars.
There is a large open door here.
Found a quarterstaff.
You now have 56 gold pieces (gained 15).
Found a scroll labelled ETAEH RALUA.
You hear the slow rusting of a very distant drain.
Found a stormy altar of Qazlal.
You see here a +0 quarterstaff.
Found a shimmering blue altar of Sif Muna.
c - a scroll labelled ETAEH RALUA
There are no items here.
There is a shimmering blue altar of Sif Muna here.
You curl up in front of the altar of Sif Muna.
Sif Muna welcomes you!
You see here a +0 quarterstaff.
There is a large open door here.
A jelly comes into view.
Found a leather armour.
The jelly quivers.
The jelly hits you. The acid corrodes you!
You are splashed with acid!
Aiming: Dig
Press: ? - help, Shift-Dir - straight line A rock wall.
The rock shatters into small pieces.
The jelly hits you. The acid corrodes you!
You are splashed with acid!
* * * LOW HITPOINT WARNING * * *
There is a stone staircase leading up here.
Your library has no spells.
The jelly hits you.
* * * LOW HITPOINT WARNING * * *
You are splashed with acid!
You die...

,,* #.#...#..#.......#..# ,,****
#.#####....#...#....#
,,,[.#####.#####_.....#....._#
,,,#...........###......)..###*
,,,..............###.....###*,*
,,,...#####........###_###*,,,*
,,,...............##.###* *,***
,,,,.......#.#.####..##,***,*
,,,,..........sJ@...###,**,,***
,**,.......#...#.######,,,,,,,*
,,*,..........>.#.#####,,,,,,,* *
*,*,........###.....###,,,,,,,* *
*,,,........#######..##...,,,,* *
***,#..##.....###..........,*****
**,,##.##>#....#..#..#..#..,,,,,,
,,,*,,,.#.##..†..###...###.,*****
***,,,,...###.....#..#..#..** *


You could see a scorpion and a jelly.

Vanquished Creatures
  A hound (D:5)
1 creature vanquished.

Notes
Turn   | Place    | Note
-------+----------+-------------------------------------------
     0 | D:5      | Azuregosa the Octopode Delver began the quest for the Orb.
     0 | D:5      | Reached XP level 1. HP: 16/16 MP: 1/1
     1 | D:5      | Found a broken altar of Ashenzari.
     7 | D:5      | Noticed a hound
    18 | D:5      | Killed a hound
    19 | D:5      | Reached skill level 7 in Stealth
    19 | D:5      | Reached XP level 2. HP: 21/21 MP: 2/2
    19 | D:5      | Reached XP level 3. HP: 26/26 MP: 3/3
    41 | D:5      | Noticed a scorpion
    42 | D:5      | Found a sparkling altar of Nemelex Xobeh.
    42 | D:5      | Found a glowing golden altar of the Shining One.
    42 | D:5      | Found a white marble altar of Elyvilon.
    51 | D:5      | Found a stormy altar of Qazlal.
    55 | D:5      | Found a shimmering blue altar of Sif Muna.
    66 | D:5      | Became a worshipper of Sif Muna the Loreminder
    99 | D:5      | Splashed by a jelly's acid

Illustrated notes

Levels and vault maps discovered:
D:5:      layout_rooms, minmay_overflow_temple_hex, serial_glass,
          glass_columns_a, glass_columns_a, due_unseen_surprise,
          item_on_display_a, minmay_strange_pillars, minmay_strange_pillars,
          gup_sewer_entry_bubbles

Skill      XL: |  1 |
---------------+----+-----
Stealth        | 7 |  7.9
Fighting       | |  3.0
Polearms       | |  2.0
Dodging        | |  2.0

Action                     || total
---------------------------++-------
  Melee: Spear             ||     3
         Constrict         ||     1
         Tentacles         ||     1
  Evoke: Wand              ||     1
    Use: Scroll            ||     1
 Armour: Skin              ||     3
  Dodge: Dodged            ||     2

Table legend: (Time is in decaauts)
 A = Elapsed time spent in this place.
 B = Non-inter-level travel time spent in this place.
 C = Inter-level travel time spent in this place.
 D = Time resting spent in this place.
 E = Time spent auto-exploring this place.
 F = Levels seen in this place.
 G = Mean time per level.
                   A        B        C        D        E       F      G
               +--------+--------+--------+--------+--------+-----+--------+
         Total |     99 |     99 |      0 |      0 |      0 |   1 |   99.0 |
       Dungeon |     99 |     99 |      0 |      0 |      0 |   1 |   99.0 |
               +--------+--------+--------+--------+--------+-----+--------+

Top non-repeatable levels by time:
     D:5: 99 daAuts
